 Dungeon Crawl Stone Soup version 0.25-a0-87-ga3d287bc14 (webtiles) character file.

Game seed: 12721467399205890871, levelgen mode: deterministic

184 Shinminahshi the Shield-Bearer (level 5, -1/37 HPs)
             Began as an Octopode Fighter on Nov 10, 2019.
             Was an Initiate of Okawaru.
             Slain by an ogre
             ... wielding a +0 giant club
              (19 damage)
             ... on level 3 of the Dungeon.
             The game lasted 00:06:26 (3348 turns).

Shinminahshi the Shield-Bearer (Octopode Fighter)   Turns: 3348, Time: 00:06:27

Health: -1/37      AC:  1    Str: 16    XL:     5   Next: 63%
Magic:  6/6        EV: 12    Int: 10    God:    Okawaru [......]
Gold:   151        SH:  9    Dex: 12    Spells: 4/4 levels left

rFire    . . .     SeeInvis .   f - +2 trident (pierce)
rCold    + . .     Gourm    .   b - +0 shield
rNeg     . . .     Faith    .   (helmet restricted)
rPois    .         Spirit   .   q - amulet of rage
rElec    .         Reflect  .   h - ring of protection from cold
rCorr    .         Harm     .   p - ring of protection from magic
MR       +....                  (no ring)
Stlth    +++.......             (no ring)
HPRegen  0.12/turn              (no ring)
MPRegen  0.10/turn              (no ring)
                                (no ring)
                                (no ring)

@: no status effects
A: almost no armour, stealthy swim, amphibious, 8 rings, constrict 8, camouflage
1, gelatinous body 1
a: Renounce Religion, Evoke Berserk Rage


You were on level 3 of the Dungeon.
You worshipped Okawaru.
Okawaru was noncommittal.
You were not hungry.

You visited 1 branch of the dungeon, and saw 3 of its levels.

You collected 151 gold pieces.

Inventory:

Hand Weapons
 a - a +0 long sword
 f - a +2 trident of piercing (weapon)
Missiles
 l - 38 poisoned darts (quivered)
 w - 5 boomerangs
Armour
 b - a +0 shield (worn)
Jewellery
 h - a ring of protection from cold (left tentacle)
 p - a ring of protection from magic (right tentacle)
 q - an amulet of rage (around mantle)
 y - an uncursed ring of protection from fire {unknown}
Scrolls
 g - 6 scrolls of identify {unknown}
 i - 5 scrolls of remove curse {unknown}
 j - a scroll of fear {unknown}
 m - 2 scrolls of blinking {unknown}
 o - 2 scrolls of enchant armour {unknown}
 r - 2 scrolls of immolation {unknown}
 s - a scroll of enchant weapon {unknown}
 v - a scroll of fog {unknown}
Potions
 c - a potion of might
 e - a potion of lignification {unknown}
 k - a potion of invisibility {unknown}
 n - a potion of haste {unknown}
 u - a potion of cancellation {unknown}
 x - a potion of brilliance {unknown}
Comestibles
 d - 13 rations


   Skills:
 + Level 3.6 Fighting
 - Level 3.1 Long Blades
 + Level 0.1 Polearms
 + Level 1.1 Throwing
 + Level 3.5 Dodging
 - Level 1.5 Stealth
 + Level 3.8 Shields
 * Level 1.6 Evocations


You had 4 spell levels left.
You didn't know any spells.
Your spell library was empty.

Dungeon Overview and Level Annotations

Branches:
Dungeon (3/15)

Altars:
Okawaru

Annotations:
D:1 exclusion: 2 downstairs


Innate Abilities, Weirdness & Mutations

You cannot wear most types of armour.
You are very stealthy in the water. (Stealth+)
You are amphibious.
You can wear up to eight rings at the same time.
You can use your tentacles to constrict eight enemies at once.
Your skin changes colour to match your surroundings (Stealth+).
Your rubbery body absorbs attacks. (AC +1, EV +1)


Message History

You throw a poisoned dart. The poisoned dart hits the ogre.
The ogre looks even sicker.
The ogre is lightly wounded.
Throwing (i - inventory. (/) - cycle)
l - 39 poisoned darts (quivered)
Press: ? - help, Shift-Dir - straight line, f/p - ogre
Aim: an ogre, wielding a +0 giant club (lightly wounded, poisoned)
You throw a poisoned dart.
The poisoned dart barely misses the ogre.
You hit the ogre. Your squeeze misses the ogre.
The ogre is lightly wounded.
The ogre hits you with a +0 giant club!!
Ouch! That really hurt!
You are too injured to fight recklessly!
You are too injured to fight recklessly!
You are too injured to fight recklessly!
You hit the ogre.
The ogre is moderately wounded.
The ogre hits you with a +0 giant club!!
Ouch! That really hurt!
You die...

##.##........# #.# ####
#....)...#.### #.# #...
#.###.#..#.# ##.## #.##
#.###.#..#.# #...# #.#.
####.##.......# #...######.#.
.............## #............
......#.##...# #####(((.........
..........)..####..((............
........##......@O.....(......#..
......#.##.#.####.............#..
......#......# #####....>##.....
...........#.# #...........#
############.# #...#.......# ##.#
#...#.###.... ##..#####
##.....###### ########.......#
####.## ###......#..####.# ###
#.#


You could see an ogre.

Vanquished Creatures
  2 orc priests (D:2)
  4 gnolls (D:2)
  An adder (D:2)
  An ooze (D:3)
  A dart slug (D:1)
  2 leopard geckos
  5 orcs
  8 bats
  4 giant cockroaches
  6 hobgoblins
  5 jackals (D:1)
  6 kobolds
  A quokka (D:3)
  A ball python (D:2)
  3 frilled lizards
  A giant cockroach zombie (D:2)
  8 goblins
  8 rats
67 creatures vanquished.

Notes
Turn   | Place    | Note
-------+----------+-------------------------------------------
     0 | D:1      | Shinminahshi the Octopode Fighter began the quest for the
                  | Orb.
     0 | D:1      | Reached XP level 1. HP: 16/16 MP: 1/1
    30 | D:1      | Reached XP level 2. HP: 2/21 MP: 2/2
   791 | D:1      | Reached XP level 3. HP: 26/26 MP: 3/3
  1287 | D:2      | Reached skill level 1 in Stealth
  1290 | D:2      | Reached XP level 4. HP: 22/31 MP: 4/4
  2121 | D:2      | Reached XP level 5. HP: 21/36 MP: 5/5
  2545 | D:2      | Reached skill level 1 in Throwing
  2545 | D:2      | Reached skill level 1 in Evocations
  2786 | D:3      | Found an iron altar of Okawaru.
  2793 | D:3      | Became a worshipper of Warmaster Okawaru
  3340 | D:3      | Noticed an ogre
  3348 | D:3      | Slain by an ogre

Levels and vault maps discovered:
D:1:      saegor_arrival_simple_e, layout_rooms, minmay_quantized
D:2:      cheibrodos_pilgrimage, layout_loops_ring
D:3:      layout_loops_cross, okawaru_gym_becter

Skill      XL: |  1  2  3  4  5 |
---------------+----------------+-----
Stealth        | 1 |  1.5
Long Blades    | 3 |  3.1
Throwing       | 1 |  1.1
Evocations     | 1 |  1.6
Fighting       | |  3.6
Polearms       | |  0.1
Dodging        | |  3.5
Shields        | |  3.8

Action                   |  1- 3 |  4- 6 || total
-------------------------+-------+-------++-------
Melee: Long sword        |    64 |    24 ||    88
       Constrict         |    20 |    15 ||    35
       Tentacles         |     8 |     8 ||    16
       Trident           |       |    33 ||    33
Throw: Dart              |     7 |    24 ||    31
 Stab: Sleeping          |     3 |     9 ||    12
  Eat: Chunk             |     1 |     7 ||     8
Armor: Skin              |     7 |     1 ||     8
Dodge: Dodged            |    18 |    13 ||    31
Block: Shield            |    22 |    13 ||    35
       Rpst.: Long sword |     3 |     2 ||     5

Table legend:
 A = Non-vault XP
 B = Vault XP
 C = Vault XP percentage of total XP
 D = Non-vault monster count
 E = Vault monster count
 F = Vault count percentage of total count
                 A         B        C        D         E       F
            +---------+---------+-------+---------+---------+-------
      Total |     158 |     105 |  39.9 |      56 |      11 |  16.4
            +---------+---------+-------+---------+---------+-------
        D:1 |      36 |      14 |  28.0 |      21 |       6 |  22.2
        D:2 |      88 |      91 |  50.8 |      17 |       5 |  22.7
        D:3 |      34 |       0 |   0.0 |      18 |       0 |   0.0
            +---------+---------+-------+---------+---------+-------
